[Event "Sunday 29 April 2nd Tour 7+2 Rounds 9 Starts 2200 ST"]
[Site "Infinity Chess"]
[Date "2018.4.29"]
[Round "3"]
[White "fsher"]
[Black "ludimilojko"]
[Result "1-0 "]
[ECO "C50"]
[WhiteElo "2378"]
[BlackElo "2365"]
[WhiteEngine "stockfish_17060619_x64_modern_CTG"]
[BlackEngine "stockfish_18042907_x64_CTG"]
[EventType "Swiss"]
[WhiteTeam ""]
[BlackTeam ""]
[PlyCount "208"]
[TimeControl "420+2"]

1. e4 e5 2. Nf3 Nc6 3. Bc4 Bc5 4. O-O Nf6 5. d3 d6 6. c3 O-O 7. h3 a6 8. Re1 Ba7 
9. a4 h6 10. Nbd2 Nh5 11. Nf1 Qf6 12. Ne3 Nf4 13. Ng4 Qg6 14. Bxf4 exf4 
15. d4 Bxg4 16. hxg4 Qxg4 17. e5 dxe5 18. Nxe5 Qxd1 19. Raxd1 Nxe5 20. Rxe5 Rfe8 
21. Rf5 Re7 22. Rxf4 Rd8 23. b4 g6 24. Kf1 Rdd7 25. Rf3 c6 26. Re3 h5 
27. Ke2 Kf8 28. Kd3 Bb8 29. Rde1 g5 30. Rh1 h4 31. Bb3 Rd6 32. Rxe7 Kxe7 
33. Re1+ Kd7 34. Re5 Rf6 35. Rxg5 Rxf2 36. Rg7 Ke7 37. Rh7 b5 38. axb5 axb5 
39. Rxh4 Bf4 40. c4 bxc4+ 41. Kxc4 Kd6 42. Bd1 Bg5 43. Rg4 Bd2 44. Bf3 Rf1 
45. b5 cxb5+ 46. Kxb5 Rc1 47. Rg8 Rc3 48. Rd8+ Ke6 49. Bg4+ f5 50. Be2 Bg5 
51. d5+ Ke7 52. Rh8 Rc2 53. Rh7+ Kf6 54. Bf3 Bf4 55. Rh4 Bd6 56. Rh6+ Ke7 
57. Re6+ Kd7 58. Rf6 Rb2+ 59. Kc4 Rb4+ 60. Kd3 Rb3+ 61. Kc2 Rc3+ 62. Kd2 Bf4+ 
63. Kd1 Rd3+ 64. Kc2 Rc3+ 65. Kb1 Rb3+ 66. Ka2 Rb4 67. Ka3 Bg5 68. Rf7+ Ke8 
69. Rxf5 Be7 70. Ka2 Kd7 71. Re5 Rb6 72. Bg4+ Kd8 73. Re2 Bc5 74. Rc2 Rb5 
75. Be2 Ra5+ 76. Kb3 Bd6 77. Rd2 Ke7 78. Bf3 Be5 79. Rc2 Ra7 80. Rc6 Bd6 
81. Rb6 Kd7 82. Bg4+ Ke7 83. Bf3 Rc7 84. Ra6 Rc1 85. Ra4 Kf6 86. Rh4 Rb1+ 
87. Kc2 Rb6 88. Rh5 Kg6 89. Rh1 Kf5 90. Rh6 Ke5 91. Kd3 Rb3+ 92. Kc4 Rb4+ 
93. Kc3 Rb6 94. Re6+ Kf5 95. Kd3 Rb3+ 96. Kc2 Rb6 97. Be2 Bc7 98. Re8 Be5 
99. Kd3 Rb4 100. Bf3 Bd6 101. Ra8 Rb3+ 102. Kc4 Rb8 103. Rxb8 Bxb8 104. Kc5 Ke5 
1-0

[Event "Sunday 29 April 2nd Tour 7+2 Rounds 9 Starts 2200 ST"]
[Site "Infinity Chess"]
[Date "2018.4.29"]
[Round "3"]
[White "Dovahkiin"]
[Black "IronMan"]
[Result "1/2-1/2"]
[ECO "C70"]
[WhiteElo "2467"]
[BlackElo "2471"]
[WhiteEngine "BrainFish_180423_x64_modern_CTG"]
[BlackEngine "Eman 1.70-beta23 64-bit POPCNT"]
[EventType "Swiss"]
[WhiteTeam ""]
[BlackTeam ""]
[PlyCount "213"]
[TimeControl "420+2"]

1. e4 e5 2. Nf3 Nc6 3. Bb5 a6 4. Ba4 Be7 5. O-O Nf6 6. Re1 b5 7. Bb3 O-O 
8. a4 b4 9. d4 d6 10. dxe5 Nxe5 11. Nxe5 dxe5 12. Qe2 Bc5 13. Nd2 Ng4 
14. Rf1 Nf6 15. Nc4 Bg4 16. Qe1 Be6 17. Bg5 h6 18. Bh4 Qe7 19. Na5 Rfe8 
20. Bxe6 Qxe6 21. Bxf6 Qxf6 22. Rd1 Bd4 23. Nc4 Qe6 24. Qe2 Rad8 25. g3 h5 
26. Rd2 g6 27. Rfd1 Rb8 28. h4 Qc6 29. a5 Rb5 30. b3 Qe6 31. Kh2 c5 32. Rf1 Qc6 
33. Rdd1 Rbb8 34. Kh3 Kg7 35. Rde1 Re6 36. Nb6 Qb5 37. Nc4 Qd7 38. Kg2 Rf8 
39. Nd2 Kh6 40. Rd1 Qc7 41. f4 exf4 42. gxf4 f6 43. Rf3 Qc6 44. Kh2 Bc3 
45. Qg2 Rd6 46. Rd3 Qc7 47. Qg3 Rxd3 48. cxd3 Qxa5 49. Rg1 Rg8 50. Nc4 Qc7 
51. Rg2 Qd7 52. Ra2 Qc6 53. Rg2 Bd4 54. Ra2 Kh7 55. Qh3 Kh6 56. Qg3 Rg7 
57. Kg2 Bc3 58. Kh2 Qe6 59. Qf3 Qc8 60. Qg3 Qc6 61. Qh3 Qc7 62. Qf3 Qc8 
63. Qg3 Kh7 64. Qf3 Kg8 65. Rg2 Qc7 66. Ra2 Qc6 67. Rg2 Qc7 68. Ra2 Qc6 
69. Rg2 Bd4 70. Na5 Qe8 71. Nc4 Qd7 72. Kh1 Qc7 73. Kh2 Qc6 74. Na5 Qa8 
75. Nc4 Qe8 76. Ra2 Qc6 77. Rg2 Kh8 78. Ra2 Kh7 79. Qh3 Bc3 80. Rg2 Qd7 
81. Qe3 Qd8 82. f5 Qc7+ 83. Kh1 gxf5 84. Qf3 Rxg2 85. Qxh5+ Kg7 86. Kxg2 fxe4 
87. Qg4+ Kh8 88. dxe4 Qg7 89. Kf3 Qxg4+ 90. Kxg4 Kg7 91. Kh5 Ba1 92. Na5 Bd4 
93. Nc4 Kf7 94. Na5 Be5 95. Nc4 Bc3 96. Kh6 f5 97. Kg5 fxe4 98. Kf5 Bd4 
99. Kxe4 Ke6 100. h5 Kf6 101. Kd5 Bg1 102. Nd2 Kg7 103. Ne4 a5 104. Nxc5 Kh6 
105. Kc4 Bxc5 106. Kxc5 a4 107. Kxb4 1/2-1/2

[Event "Sunday 29 April 2nd Tour 7+2 Rounds 9 Starts 2200 ST"]
[Site "Infinity Chess"]
[Date "2018.4.29"]
[Round "3"]
[White "klasman"]
[Black "Katzenmaier"]
[Result "1-0"]
[ECO "C50"]
[WhiteElo "2491"]
[BlackElo "2523"]
[WhiteEngine "asmFishW_2018-04-11_popcnt_CTG"]
[BlackEngine "Raubfisch X38b1"]
[EventType "Swiss"]
[WhiteTeam ""]
[BlackTeam ""]
[PlyCount "175"]
[TimeControl "420+2"]

1. e4 e5 2. Nf3 Nc6 3. Bc4 Bc5 4. O-O Nf6 5. d3 d6 6. c3 a5 7. Bg5 Ba7 8. Na3 h6 
9. Bh4 Qe7 10. Re1 Bg4 11. h3 Bxf3 12. Qxf3 g5 13. Bg3 h5 14. d4 g4 15. Qd3 h4 
16. Bh2 exd4 17. Nb5 Bb6 18. cxd4 O-O-O 19. e5 g3 20. Qf5+ Nd7 21. fxg3 dxe5 
22. Kh1 hxg3 23. Bxg3 Nxd4 24. Nxd4 Bxd4 25. Rad1 Qb4 26. Bxf7 Kb8 27. b3 Qd6 
28. Rf1 Qc6 29. Qe6 Qc3 30. Kh2 Qb4 31. Qf5 Qb6 32. Qg5 Qd6 33. Rf5 Rdf8 
34. Bc4 Re8 35. Qg7 Nb6 36. Bf7 Rd8 37. Qg5 Nd7 38. h4 Rdf8 39. h5 Qc6 
40. Rdf1 Qc2 41. Bh4 Qxa2 42. Qg7 Nb6 43. Be6 Re8 44. Rf8 Rhxf8 45. Rxf8 Rxf8 
46. Qxf8+ Ka7 47. h6 Qb1 48. Bf2 a4 49. bxa4 Qg6 50. Qg7 Qxe6 51. Bxd4 exd4 
52. h7 Qd6+ 53. g3 Qe6 54. h8=Q Qe2+ 55. Kh3 Qf1+ 56. Kh4 Qh1+ 57. Kg5 Qc1+ 
58. Kh5 Qh1+ 59. Kg6 Qb1+ 60. Kf6 Qb4 61. Qd8 c6 62. Kg6 Qb1+ 63. Kh6 Qh1+ 
64. Qh4 Qc1+ 65. Qf4 Qh1+ 66. Kg6 Qb1+ 67. Kg5 Ka6 68. Qgxd4 Qa2 69. Qf1+ Ka7 
70. Qf5 Ka6 71. Qfd3+ Ka7 72. Qc5 Qxa4 73. Kh6 Qa1 74. Qd8 Qa6 75. Qe5 Qa2 
76. Qeb8+ Ka6 77. Qa8+ Nxa8 78. Qxa8+ Kb5 79. Qxa2 c5 80. g4 c4 81. g5 c3 
82. Qc2 Ka5 83. g6 b6 84. g7 Kb5 85. g8=Q Kc6 86. Qe4+ Kb5 87. Qb3+ Ka6 88. Qa8# 
1-0

[Event "Sunday 29 April 2nd Tour 7+2 Rounds 9 Starts 2200 ST"]
[Site "Infinity Chess"]
[Date "2018.4.29"]
[Round "3"]
[White "Murx"]
[Black "Gilgamesch"]
[Result "1/2-1/2"]
[ECO "B63"]
[WhiteElo "2566"]
[BlackElo "2537"]
[WhiteEngine "asmFishW_2018-04-07_popcnt"]
[BlackEngine "BrainFish_180408_x64_bmi2"]
[EventType "Swiss"]
[WhiteTeam ""]
[BlackTeam ""]
[PlyCount "116"]
[TimeControl "420+2"]

1. e4 c5 2. Nf3 d6 3. d4 cxd4 4. Nxd4 Nf6 5. Nc3 Nc6 6. Bg5 e6 7. Qd2 Be7 
8. O-O-O Nxd4 9. Qxd4 O-O 10. f3 a6 11. h4 b5 12. Bxf6 Bxf6 13. Qxd6 Qxd6 
14. Rxd6 Bb7 15. Kb1 Be5 16. Rd1 Bc6 17. Ne2 b4 18. Nc1 a5 19. Be2 Rfb8 
20. Nd3 Bd4 21. Nc1 Be5 22. g4 Kf8 23. Bc4 Rd8 24. Nd3 Bd4 25. Nc1 g6 
26. Ne2 Bf2 27. Rd3 Ke7 28. h5 Bc5 29. Nc1 Bd6 30. hxg6 hxg6 31. Rhd1 g5 
32. Ne2 Rab8 33. c3 bxc3 34. Nxc3 a4 35. Kc2 Rb4 36. b3 axb3+ 37. axb3 Rb6 
38. Ra1 Rb7 39. Ra6 Rc8 40. Ra5 Rh8 41. Rxg5 Rh2+ 42. Kb1 Ra7 43. Rh5 Rg2 
44. Rd4 Ra3 45. Nd1 Ra7 46. Nb2 Bb4 47. Rd3 Ba3 48. Nd1 Be8 49. Ne3 Rb2+ 
50. Ka1 Rf2 51. Kb1 Rb2+ 52. Ka1 Rf2 53. Kb1 Bc6 54. Nc2 Rf1+ 55. Ka2 Bc1+ 
56. Kb1 Ba3+ 57. Ka2 Rf2 58. Kb1 Rf1+ 1/2-1/2

[Event "Sunday 29 April 2nd Tour 7+2 Rounds 9 Starts 2200 ST"]
[Site "Infinity Chess"]
[Date "2018.4.29"]
[Round "3"]
[White "star99"]
[Black "ocirema"]
[Result "1-0"]
[ECO "C77"]
[WhiteElo "2502"]
[BlackElo "2479"]
[WhiteEngine "Cryptic Heroes 9.4B"]
[BlackEngine "asmFishW_9_popcnt"]
[EventType "Swiss"]
[WhiteTeam ""]
[BlackTeam ""]
[PlyCount "153"]
[TimeControl "420+2"]

1. e4 e5 2. Nf3 Nc6 3. Bb5 a6 4. Ba4 Nf6 5. d3 Bc5 6. O-O d6 7. Nbd2 b5 
8. Bb3 O-O 9. c3 Bb6 10. a4 Rb8 11. axb5 axb5 12. Re1 h6 13. Nf1 Ne7 14. h3 c5 
15. Bd2 Qc7 16. Ng3 Ng6 17. d4 Re8 18. Qc1 Kh7 19. Ba2 c4 20. b3 Ra8 21. Qb2 Ba5 
22. Bb1 Bd7 23. Ra3 exd4 24. b4 Bb6 25. Rxa8 Rxa8 26. cxd4 Kg8 27. Bc3 Qc8 
28. d5 Bxh3 29. Bxf6 gxf6 30. Qxf6 Qg4 31. Qxd6 Bxg2 32. Nh2 Qh3 33. Qxb6 Nh4 
34. Qxh6 Bf3 35. Qg5+ Kh8 36. Qxh4+ Qxh4 37. Nxf3 Qf4 38. Kg2 Ra3 39. Re3 Rxe3 
40. fxe3 Qd6 41. Nf5 Qxb4 42. Bc2 Qa5 43. d6 b4 44. d7 b3 45. Bd1 Kh7 
46. Nd6 Qd8 47. Ne5 Qg5+ 48. Kf3 Qf6+ 49. Nf5 Qd8 50. Nd4 Qf6+ 51. Ke2 Qxe5 
52. d8=Q Qh2+ 53. Kf3 b2 54. Qb6 Qh5+ 55. Kf4 Qh2+ 56. Kf5 c3 57. Bc2 Qh5+ 
58. Kf4 Qh2+ 59. Kf3 Qe5 60. Nf5 Qh2 61. Qd6 Qxd6 62. Nxd6 Kg7 63. e5 Kf8 
64. Kf4 b1=Q 65. Bxb1 Ke7 66. Kf5 c2 67. Bxc2 f6 68. Nc8+ Kd8 69. e6 Kxc8 
70. e7 Kd7 71. Kxf6 Kc6 72. Ba4+ Kc5 73. e8=Q Kb4 74. Qc6 Ka3 75. Qb5 Ka2 
76. Bc2 Ka1 77. Qb1# 1-0

[Event "Sunday 29 April 2nd Tour 7+2 Rounds 9 Starts 2200 ST"]
[Site "Infinity Chess"]
[Date "2018.4.29"]
[Round "2"]
[White "IronMan"]
[Black "ludimilojko"]
[Result "1/2-1/2"]
[ECO "D30"]
[WhiteElo "2476"]
[BlackElo "2360"]
[WhiteEngine "Eman 1.70-beta23 64-bit POPCNT"]
[BlackEngine "stockfish_18042907_x64_CTG"]
[EventType "Swiss"]
[WhiteTeam ""]
[BlackTeam ""]
[PlyCount "77"]
[TimeControl "420+2"]

1. d4 d5 2. c4 e6 3. Nf3 Nf6 4. Nc3 c6 5. Bg5 h6 6. Bxf6 Qxf6 7. e3 Nd7 
8. Bd3 dxc4 9. Bxc4 g6 10. O-O Bg7 11. e4 e5 12. d5 Nb6 13. Bb3 Bg4 14. h3 Bxf3 
15. Qxf3 Qxf3 16. gxf3 O-O 17. dxc6 bxc6 18. Na4 Rfd8 19. Rac1 Rac8 20. Rfd1 Bf6 
21. Nc5 Rxd1+ 22. Rxd1 Kg7 23. Kf1 Bg5 24. Nd7 c5 25. Nxe5 c4 26. Bc2 Bf6 
27. f4 Bxe5 28. fxe5 Rc5 29. f4 Rb5 30. b3 g5 31. Kf2 gxf4 32. Kf3 Ra5 
33. a4 cxb3 34. Bxb3 Rxe5 35. Kxf4 Rc5 36. Ke3 Rh5 37. Rh1 Kf8 38. h4 Ke7 
39. Rf1 1/2-1/2

[Event "Sunday 29 April 2nd Tour 7+2 Rounds 9 Starts 2200 ST"]
[Site "Infinity Chess"]
[Date "2018.4.29"]
[Round "2"]
[White "ocirema"]
[Black "fsher"]
[Result "1-0"]
[ECO "A40"]
[WhiteElo "2466"]
[BlackElo "2391"]
[WhiteEngine "asmFishW_9_popcnt"]
[BlackEngine "stockfish_17060619_x64_modern_CTG"]
[EventType "Swiss"]
[WhiteTeam ""]
[BlackTeam ""]
[PlyCount "111"]
[TimeControl "420+2"]

1. d4 e6 2. e4 d5 3. e5 c5 4. c3 Nc6 5. Nf3 Qb6 6. a3 f6 7. Bd3 fxe5 8. dxe5 c4 
9. Bc2 g6 10. O-O Bg7 11. Nbd2 Qc7 12. Re1 Nh6 13. Ng5 O-O 14. Ndf3 Nf5 
15. Nd4 Ncxd4 16. cxd4 Qb6 17. Nf3 Bd7 18. Rb1 Rac8 19. g4 Nh6 20. h3 Rc7 
21. Be3 Qa6 22. Kg2 Bb5 23. Bd2 Rcf7 24. Re3 Rc7 25. a4 Bc6 26. Ng5 Re8 
27. h4 Nf7 28. Nxh7 Nxe5 29. h5 gxh5 30. Qh1 c3 31. Bxc3 Nxg4 32. Qxh5 Nxe3+ 
33. fxe3 Ree7 34. Ng5 Bf6 35. Rh1 Bxa4 36. Bg6 Qb5 37. Kf2 Qc4 38. Qg4 Bb5 
39. Nxe6 Bh4+ 40. Kg2 Qe2+ 41. Qxe2 Bxe2 42. Nxc7 Rg7 43. Rxh4 Rxg6+ 44. Kf2 Bc4 
45. e4 dxe4 46. d5 Rd6 47. Rxe4 Bxd5 48. Rg4+ Kh7 49. Ne8 Rg6 50. Nf6+ Rxf6+ 
51. Bxf6 Bb3 52. Rg7+ Kh6 53. Rxb7 Be6 54. Rxa7 Kg6 55. b4 Kxf6 56. Ke3 1-0

[Event "Sunday 29 April 2nd Tour 7+2 Rounds 9 Starts 2200 ST"]
[Site "Infinity Chess"]
[Date "2018.4.29"]
[Round "2"]
[White "klasman"]
[Black "Dovahkiin"]
[Result "1/2-1/2"]
[ECO "C50"]
[WhiteElo "2492"]
[BlackElo "2466"]
[WhiteEngine "asmFishW_2018-04-11_popcnt_CTG"]
[BlackEngine "BrainFish_180423_x64_modern_CTG"]
[EventType "Swiss"]
[WhiteTeam ""]
[BlackTeam ""]
[PlyCount "85"]
[TimeControl "420+2"]

1. e4 e5 2. Nf3 Nc6 3. Bc4 Bc5 4. O-O Nf6 5. d3 d6 6. c3 a5 7. Bg5 Ba7 
8. Nbd2 h6 9. Bh4 Qe7 10. Kh1 g5 11. Bg3 Nh5 12. d4 O-O 13. dxe5 Nxg3+ 
14. fxg3 Nxe5 15. Nxe5 dxe5 16. a4 Kg7 17. Qe2 Bd7 18. Bd5 c6 19. Bb3 Bc5 
20. Nc4 f6 21. Rfd1 Be8 22. Rd3 Rd8 23. Nxa5 Bh5 24. Qc2 Rxd3 25. Qxd3 Ra8 
26. Nc4 Qd8 27. Qc2 b5 28. Na3 Qb6 29. h3 bxa4 30. Bxa4 Qa6 31. g4 Bxg4 
32. hxg4 Qxa4 33. Qd3 Ra7 34. b4 Bb6 35. Nc2 Qb3 36. Rxa7+ Bxa7 37. Kh2 Kg6 
38. Qd7 Qxc2 39. Qe8+ Kg7 40. Qe7+ Kg6 41. Qe8+ Kg7 42. Qe7+ Kg6 43. Qe8+ 
1/2-1/2

[Event "Sunday 29 April 2nd Tour 7+2 Rounds 9 Starts 2200 ST"]
[Site "Infinity Chess"]
[Date "2018.4.29"]
[Round "2"]
[White "Katzenmaier"]
[Black "Gilgamesch"]
[Result "1/2-1/2"]
[ECO "B90"]
[WhiteElo "2522"]
[BlackElo "2538"]
[WhiteEngine "Raubfisch X38b1"]
[BlackEngine "BrainFish_180408_x64_bmi2"]
[EventType "Swiss"]
[WhiteTeam ""]
[BlackTeam ""]
[PlyCount "115"]
[TimeControl "420+2"]

1. e4 c5 2. Nf3 d6 3. d4 cxd4 4. Nxd4 Nf6 5. Nc3 a6 6. Be3 e5 7. Nb3 Be6 
8. f3 Nbd7 9. Qd2 Be7 10. g4 O-O 11. O-O-O b5 12. g5 Nh5 13. Kb1 Nb6 
14. Nd5 Nxd5 15. exd5 Bf5 16. Na5 f6 17. h4 Ng3 18. Nc6 Qd7 19. Rg1 Nxf1 
20. Rdxf1 fxg5 21. hxg5 Bg6 22. Rf2 Rae8 23. Qa5 Ra8 24. Rgf1 Rf5 25. Qd2 Re8 
26. b3 Bd8 27. Kb2 Bh5 28. a3 Bf7 29. f4 exf4 30. Rxf4 Rxf4 31. Bxf4 Qf5 
32. Nxd8 Rxd8 33. Re1 Bxd5 34. Re7 h5 35. gxh6 Qf6+ 36. Ka2 Bxb3+ 37. cxb3 Qxe7 
38. Bg5 Qc7 39. Bxd8 Qxd8 40. hxg7 Kxg7 41. Qc3+ Qf6 42. Qe3 d5 43. Qa7+ Kg6 
44. Qg1+ Kf5 45. Qf2+ Ke6 46. Qb6+ Ke5 47. Qe3+ Kd6 48. Qb6+ Ke7 49. Qa7+ Kd6 
50. Qxa6+ Ke5 51. Qxf6+ Kxf6 52. a4 bxa4 53. bxa4 Ke5 54. Kb3 d4 55. a5 Kd5 
56. a6 Kc6 57. Kc4 Kb6 58. Kxd4 1/2-1/2

[Event "Sunday 29 April 2nd Tour 7+2 Rounds 9 Starts 2200 ST"]
[Site "Infinity Chess"]
[Date "2018.4.29"]
[Round "2"]
[White "CoffeeOne"]
[Black "Murx"]
[Result "1/2-1/2"]
[ECO "C55"]
[WhiteElo "2547"]
[BlackElo "2567"]
[WhiteEngine "cfish-2018-04-29"]
[BlackEngine "asmFishW_2018-04-07_popcnt"]
[EventType "Swiss"]
[WhiteTeam ""]
[BlackTeam ""]
[PlyCount "117"]
[TimeControl "420+2"]

1. e4 e5 2. Nf3 Nc6 3. Bc4 Nf6 4. d3 Bc5 5. c3 d6 6. O-O O-O 7. h3 a5 8. Re1 Be6 
9. Bb5 Ba7 10. d4 Bd7 11. Bg5 h6 12. Bh4 Nxd4 13. cxd4 Bxb5 14. Nc3 c6 
15. Nxb5 cxb5 16. dxe5 dxe5 17. Qe2 Rc8 18. Nxe5 g5 19. Bg3 Qe7 20. Nf3 Rfe8 
21. e5 Nh5 22. Bh2 Ng7 23. Qxb5 Qc5 24. Qe2 Qc4 25. Qd2 Qb5 26. a4 Qb6 
27. Qe2 Ne6 28. Bg3 Red8 29. Kh1 Kg7 30. Rab1 Qa6 31. Qe4 Nc5 32. Qg4 Qe6 
33. b3 Qxg4 34. hxg4 Ne6 35. Red1 Rxd1+ 36. Rxd1 Rc3 37. Rb1 Rc2 38. Rd1 Bxf2 
39. Bxf2 Rxf2 40. Rd7 b6 41. Rd6 Rb2 42. Rxb6 h5 43. gxh5 g4 44. Nh4 Kh6 
45. g3 Kxh5 46. Nf5 Rf2 47. Nd6 Nd4 48. Kg1 Rf3 49. Kg2 Rxb3 50. Rxb3 Nxb3 
51. Nxf7 Nc5 52. Nd6 Kg5 53. e6 Kf6 54. e7 Kxe7 55. Nc4 Nxa4 56. Nxa5 Nb2 
57. Nb3 Nd1 58. Na1 Ne3+ 59. Kh2 1/2-1/2

[Event "Sunday 29 April 2nd Tour 7+2 Rounds 9 Starts 2200 ST"]
[Site "Infinity Chess"]
[Date "2018.4.29"]
[Round "1"]
[White "Dovahkiin"]
[Black "CoffeeOne"]
[Result "1/2-1/2"]
[ECO "C77"]
[WhiteElo "2463"]
[BlackElo "2550"]
[WhiteEngine "BrainFish_180423_x64_modern_CTG"]
[BlackEngine "cfish-2018-04-29"]
[EventType "Swiss"]
[WhiteTeam ""]
[BlackTeam ""]
[PlyCount "66"]
[TimeControl "420+2"]

1. e4 e5 2. Nf3 Nc6 3. Bb5 a6 4. Ba4 Nf6 5. O-O Be7 6. Re1 b5 7. Bb3 O-O 
8. a4 b4 9. d4 d6 10. dxe5 Nxe5 11. Nxe5 dxe5 12. Qe2 Bc5 13. Nd2 a5 14. Nc4 Ng4 
15. Ne3 Qf6 16. h3 Nxe3 17. Bxe3 Bd4 18. Bxd4 exd4 19. e5 Qb6 20. Bd5 Rb8 
21. b3 c5 22. Be4 Be6 23. Rad1 Rbc8 24. Qh5 g6 25. Qh6 c4 26. bxc4 Bxc4 
27. Bf3 Rcd8 28. Re4 f5 29. exf6 Qxf6 30. Rh4 Rf7 31. Re4 Rff8 32. Rh4 Rf7 
33. Re4 Rff8 1/2-1/2

[Event "Sunday 29 April 2nd Tour 7+2 Rounds 9 Starts 2200 ST"]
[Site "Infinity Chess"]
[Date "2018.4.29"]
[Round "1"]
[White "ludimilojko"]
[Black "star99"]
[Result "0-1"]
[ECO "C55"]
[WhiteElo "2371"]
[BlackElo "2491"]
[WhiteEngine "stockfish_18042907_x64_CTG"]
[BlackEngine "Cryptic Heroes 9.4B"]
[EventType "Swiss"]
[WhiteTeam ""]
[BlackTeam ""]
[PlyCount "211"]
[TimeControl "420+2"]

1. e4 e5 2. Nf3 Nc6 3. Bc4 Nf6 4. d3 Bc5 5. O-O d6 6. c3 a5 7. Nbd2 O-O 
8. Re1 h6 9. Nf1 a4 10. Ng3 Ra5 11. Rb1 Be6 12. Bxe6 fxe6 13. h3 Ra8 14. d4 Bb6 
15. Qd3 Qe8 16. Be3 Nh5 17. Rbd1 Nf4 18. Bxf4 Rxf4 19. Rf1 Qg6 20. Qc4 Raf8 
21. Qxa4 h5 22. Kh2 exd4 23. cxd4 Rxf3 24. gxf3 Rxf3 25. Rd2 h4 26. Ne2 Qxe4 
27. Qc2 Qd5 28. Qg6 Bxd4 29. Qg4 Be5+ 30. Kg1 Qxd2 31. Qxf3 Qxb2 32. a3 Qc2 
33. Qg4 Kf7 34. Rc1 Qh7 35. Nf4 Qh6 36. Nd3 Bf6 37. Kg2 Ke7 38. Rb1 Nd8 
39. Re1 c5 40. Nf4 Qg5 41. Ng6+ Kf7 42. Nh8+ Kg8 43. Ng6 Kf7 44. Nh8+ Kg8 
45. Ng6 Qxg4+ 46. hxg4 Kf7 47. Nh8+ Ke8 48. Ng6 c4 49. f4 Bb2 50. f5 e5 
51. Nf4 Nc6 52. Rb1 exf4 53. Rxb2 d5 54. Rc2 Kf7 55. Kh3 Kf6 56. Kxh4 Ne5 
57. Rb2 c3 58. Rb6+ Nc6 59. Rb5 Ke5 60. Kh3 Kd4 61. Rb1 c2 62. Rf1 Kc3 63. g5 d4 
64. f6 gxf6 65. gxf6 Ne5 66. Re1 d3 67. Rxe5 d2 68. f7 c1=Q 69. Rc5+ Kb3 
70. Rxc1 dxc1=Q 71. f8=Q Qxa3 72. Qxf4 Qb4 73. Qf7+ Ka4 74. Qf6 b5 75. Qf2 Qc4 
76. Kg2 b4 77. Kh3 Qc3+ 78. Kh4 b3 79. Qa7+ Qa5 80. Qd7+ Ka3 81. Qd3 Qe1+ 
82. Kh3 Qe6+ 83. Kh2 Qe5+ 84. Kh1 Qc5 85. Qf3 Ka2 86. Qf7 Qc2 87. Kg1 Kb1 
88. Qd5 b2 89. Kh1 Qc1+ 90. Kg2 Qc2+ 91. Kg1 Qc3 92. Kh1 Qe1+ 93. Kg2 Kc2 
94. Qf5+ Kc1 95. Qc8+ Kd1 96. Qb7 Qc3 97. Kf2 Qc2+ 98. Ke3 Qd2+ 99. Kf3 Qd3+ 
100. Kf2 b1=Q 101. Qh1+ Kd2 102. Qh6+ Kc3 103. Qc6+ Qc4 104. Qxc4+ Kxc4 
105. Kg3 Kd4 106. Kg4 0-1

[Event "Sunday 29 April 2nd Tour 7+2 Rounds 9 Starts 2200 ST"]
[Site "Infinity Chess"]
[Date "2018.4.29"]
[Round "1"]
[White "Katzenmaier"]
[Black "fsher"]
[Result "1/2-1/2"]
[ECO "B12"]
[WhiteElo "2528"]
[BlackElo "2385"]
[WhiteEngine "Raubfisch X38b1"]
[BlackEngine "stockfish_17060619_x64_modern_CTG"]
[EventType "Swiss"]
[WhiteTeam ""]
[BlackTeam ""]
[PlyCount "189"]
[TimeControl "420+2"]

1. e4 c6 2. d4 d5 3. e5 c5 4. dxc5 e6 5. a3 Bxc5 6. Nf3 Bb6 7. Bd3 Nc6 
8. O-O Nge7 9. b4 Ng6 10. Bb2 O-O 11. Re1 f6 12. exf6 gxf6 13. c4 Nf4 14. c5 Bc7 
15. Bf1 e5 16. Nc3 Be6 17. g3 Ng6 18. Nb5 Kh8 19. Nxc7 Qxc7 20. b5 Na5 21. h4 e4 
22. Ng5 Bg8 23. Bd4 Qg7 24. f4 h6 25. a4 a6 26. Kh1 Ne7 27. Bh3 Nc4 28. Rg1 axb5 
29. axb5 Ra3 30. Rxa3 Nxa3 31. Bd7 Ng6 32. f5 Ne5 33. Bxe5 fxe5 34. Ne6 Qxd7 
35. Nxf8 Qxf5 36. Qf1 Qxf1 37. Rxf1 Nxb5 38. Rb1 Kg7 39. Nd7 d4 40. Rxb5 d3 
41. Nxe5 Bd5 42. Kg2 d2 43. Rb1 Bb3 44. Kf2 d1=Q 45. Rxd1 Bxd1 46. Ke3 Kf6 
47. Kxe4 h5 48. Nc4 Bg4 49. Ne3 Bh3 50. Nd5+ Kf7 51. Ke5 Kg7 52. Ne7 Kf7 
53. Nf5 Kg6 54. Nd4 Kf7 55. Nb5 Kg6 56. Nd4 Kf7 57. Nf3 Kg6 58. Kf4 Kf6 
59. Ne5 Be6 60. Nd3 Bc4 61. Nf2 Kg6 62. Ke5 Be2 63. Nh3 Bg4 64. Nf4+ Kg7 
65. Nd5 Kg6 66. Kd6 Kf7 67. Ne3 Be2 68. Nd5 Bg4 69. Ne3 Be2 70. Ke5 Ke7 
71. Nd5+ Kd7 72. Nb6+ Kc6 73. Kd4 Bg4 74. Nc4 Be6 75. Na5+ Kc7 76. Ke5 Bg4 
77. Kd5 Bf3+ 78. Kd4 Bd1 79. Kd3 b6 80. cxb6+ Kxb6 81. Nc4+ Kc5 82. Nb2 Bg4 
83. Ke4 Kd6 84. Kf4 Be2 85. Na4 Bg4 86. Nb2 Be2 87. Na4 Bg4 88. Nc3 Ke6 
89. Ne4 Bf5 90. g4 Bxg4 91. Nf2 Be2 92. Ne4 Bg4 93. Nf2 Kf6 94. Nxg4+ hxg4 
95. Kxg4 1/2-1/2

[Event "Sunday 29 April 2nd Tour 7+2 Rounds 9 Starts 2200 ST"]
[Site "Infinity Chess"]
[Date "2018.4.29"]
[Round "1"]
[White "Gilgamesch"]
[Black "ocirema"]
[Result "1/2-1/2"]
[ECO "D30"]
[WhiteElo "2541"]
[BlackElo "2463"]
[WhiteEngine "BrainFish_180408_x64_bmi2"]
[BlackEngine "asmFishW_9_popcnt"]
[EventType "Swiss"]
[WhiteTeam ""]
[BlackTeam ""]
[PlyCount "197"]
[TimeControl "420+2"]

1. d4 d5 2. c4 e6 3. Nf3 Nf6 4. Nc3 c6 5. e3 Nbd7 6. Qc2 Bd6 7. Bd3 O-O 
8. O-O dxc4 9. Bxc4 a6 10. Rd1 b5 11. Bd3 Bb7 12. Ng5 h6 13. Nge4 Bc7 14. a3 a5 
15. b3 Nd5 16. Bb2 Qe7 17. h3 Rfd8 18. Rdc1 Rac8 19. Nxd5 exd5 20. Nc5 Nxc5 
21. dxc5 Re8 22. Bd4 Be5 23. Qc3 Ra8 24. b4 Bxd4 25. Qxd4 a4 26. Re1 Rad8 
27. Qf4 Qg5 28. Qxg5 hxg5 29. f4 gxf4 30. exf4 g6 31. Kf2 Kg7 32. Rxe8 Rxe8 
33. Re1 Rxe1 34. Kxe1 f5 35. Be2 Bc8 36. g3 Kf6 37. Kd2 Bd7 38. Ke3 Be6 
39. Kd3 Bd7 40. Ke3 Be6 41. Bf1 Bd7 42. Kd3 Be6 43. Be2 Kg7 44. Kc2 Kf6 
45. Kd2 Bd7 46. Ke1 Be6 47. Bd1 Kf7 48. Kd2 Kg7 49. Kc3 Kf6 50. Kd4 Bd7 
51. Be2 Be6 52. Bd3 Bd7 53. Bf1 Be6 54. Bg2 Bf7 55. Ke3 Be8 56. Kd2 Kf7 
57. Ke2 Kf6 58. Kd2 Kf7 59. Bf3 Kf6 60. Ke3 Bd7 61. Bh1 Ke7 62. Kd3 Be6 
63. Bg2 Kf6 64. Kc2 Bd7 65. Bf3 Be6 66. Bd1 Bg8 67. Kc3 Be6 68. Bf3 Bf7 
69. Be2 Be6 70. Bf3 Bf7 71. Bg2 Be6 72. Kb2 Kf7 73. Bh1 Kf6 74. Kc2 Ke7 
75. Kd1 Kf7 76. Bg2 Ke7 77. Ke2 Kf6 78. Bf3 Bf7 79. Kf2 Bg8 80. Bg2 Be6 
81. Ke3 Bd7 82. Bf3 Be6 83. Bg2 Bd7 84. Kd4 Be6 85. Bf3 Bg8 86. g4 fxg4 
87. hxg4 Bf7 88. Bd1 Be6 89. Ke3 g5 90. f5 Bd7 91. Bc2 Ke5 92. Kd3 Kf6 
93. Kc3 Be8 94. Kd4 Bf7 95. Bb1 Be8 96. Ba2 Bf7 97. Bb1 Bg8 98. Ba2 Bf7 99. Bb1 
1/2-1/2

[Event "Sunday 29 April 2nd Tour 7+2 Rounds 9 Starts 2200 ST"]
[Site "Infinity Chess"]
[Date "2018.4.29"]
[Round "1"]
[White "Murx"]
[Black "klasman"]
[Result "1/2-1/2"]
[ECO "C50"]
[WhiteElo "2570"]
[BlackElo "2489"]
[WhiteEngine "asmFishW_2018-04-07_popcnt"]
[BlackEngine "asmFishW_2018-04-11_popcnt_CTG"]
[EventType "Swiss"]
[WhiteTeam ""]
[BlackTeam ""]
[PlyCount "181"]
[TimeControl "420+2"]

1. e4 e5 2. Nf3 Nc6 3. Bc4 Bc5 4. O-O Nf6 5. d3 d6 6. c3 O-O 7. h3 a6 8. Re1 Ba7 
9. a4 h6 10. Nbd2 Nh5 11. Nf1 Qf6 12. N1h2 Qg6 13. g4 Nf6 14. Nh4 Qh7 
15. N2f3 Be6 16. Bb3 g6 17. Kg2 Rae8 18. a5 Qg7 19. Ba4 Bd7 20. b4 Nd8 
21. Bb3 Ne6 22. Ra2 Bb8 23. Kh1 Qh7 24. Rb2 c6 25. Bxe6 Bxe6 26. Qd2 Kg7 
27. c4 Rc8 28. Rc2 Rfe8 29. Kg1 Rcd8 30. d4 Bc8 31. Qd3 Kg8 32. d5 Bd7 
33. Nd2 Rc8 34. dxc6 bxc6 35. Bb2 Rcd8 36. Qf1 Bc8 37. f4 Qg7 38. Kh1 Qf8 
39. Nhf3 Qe7 40. f5 Bc7 41. c5 d5 42. fxg6 fxg6 43. Bxe5 Bxe5 44. exd5 Qc7 
45. Rxe5 Nxd5 46. Qe2 Rxe5 47. Nxe5 Re8 48. Ndc4 Qg7 49. Kg1 Nxb4 50. Rb2 Nd5 
51. Rb3 Be6 52. Rf3 Kh7 53. Nxc6 Bxg4 54. Qxe8 Bxf3 55. N6e5 Be2 56. Nd6 Qf6 
57. Qf7+ Qxf7 58. Ndxf7 Kg7 59. Kf2 Bh5 60. Nd8 Kf6 61. Ndc6 Bd1 62. h4 Kf5 
63. Nf7 h5 64. Kg3 Ba4 65. Nd6+ Ke6 66. Nd4+ Ke5 67. Nf3+ Kf6 68. Kf2 Ne7 
69. Ke3 Bc6 70. Nd4 Bh1 71. Ne8+ Ke5 72. Nc7 Bb7 73. Nce6 Nd5+ 74. Kd3 Ne7 
75. Ke3 Nd5+ 76. Kd3 Bc8 77. Nd8 Kf4 78. N8e6+ Kg3 79. Ke4 Nc3+ 80. Kd3 Nb5 
81. Nxb5 Bxe6 82. c6 Kxh4 83. Kd4 Kg3 84. Nc7 Bc8 85. Nxa6 Bxa6 86. Kc5 h4 
87. Kb6 Bc8 88. a6 Bxa6 89. Kxa6 h3 90. c7 h2 91. c8=Q 1/2-1/2